 Dungeon Crawl Stone Soup version 0.29.0-4-gdea44cf6ec (webtiles) character file.

Game seed: 7999271985308082458

39 qw the Chopper (level 3, -5/31 HPs)
             Began as a Minotaur Fighter on Sept 9, 2022.
             Slain by a gnoll
             ... wielding a +3 flail of draining
              (13 damage)
             ... on level 2 of the Dungeon.
             The game lasted 00:00:32 (1243 turns).

qw the Chopper (Minotaur Fighter)                   Turns: 1243, Time: 00:00:32

Health: -5/31      AC:  6    Str: 22    XL:     3   Next: 28%
Magic:  2/2        EV:  9    Int:  5    God:
Gold:   51         SH:  4    Dex:  9    Spells: 2/2 levels left

rFire   . . .      SeeInvis .   Y - +0 war axe
rCold   . . .      Faith    .   c - +0 buckler
rNeg    . . .      Spirit   .   b - +0 scale mail
rPois   .          Reflect  .   (helmet restricted)
rElec   .          Harm     .   (no cloak)
rCorr   .          Rampage  .   (no gloves)
Will    .....                   (no boots)
Stlth   ..........              (no amulet)
HPRegen 0.10/turn               (no ring)
MPRegen 0.08/turn               (no ring)

@: no status effects
A: horns 2, retaliatory headbutt
a: no special abilities


You were on level 2 of the Dungeon.
You visited 1 branch of the dungeon, and saw 2 of its levels.

You collected 51 gold pieces.


Innate Abilities, Weirdness & Mutations

You have a pair of horns on your head.
You reflexively headbutt those who attack you in melee.


   Skills:
 - Level 3.6 Fighting
 + Level 4.6 Axes
 - Level 3.6 Armour
 - Level 3.6 Shields


You had 2 spell levels left.
You didn't know any spells.
Your spell library was empty.

Inventory:

Hand Weapons
 f - a +0 club
 Y - a +0 war axe (weapon)
Armour
 b - a +0 scale mail (worn)
 c - a +0 buckler (worn)
Scrolls
 a - 2 scrolls of vulnerability {unknown}
 e - a scroll of blinking {unknown}
 h - 2 scrolls of identify
Potions
 d - a potion of might

Dungeon Overview and Level Annotations

Branches:
Dungeon (2/15)

Altars:


Message History

The ball python grabs you. The ball python constricts you.
The gnoll barely misses you. You block the ball python's attack.
The ball python constricts you.
The gnoll hits you from afar with a +0 spear.
You hit the ball python but do no damage.
Your headbutt misses the ball python. The ball python barely misses you.
The ball python constricts you.
The gnoll hits you from afar with a +0 spear.
You closely miss the ball python. Your headbutt misses the ball python.
The ball python bites you but does no damage.
The ball python constricts you. The gnoll barely misses you.
The ball python barely misses you. The ball python constricts you.
You closely miss the ball python.
The ball python bites you but does no damage.
The ball python constricts you. The gnoll barely misses you.
A gnoll comes into view. It is wielding a +0 halberd.
The ball python bites you but does no damage.
The ball python constricts you.
The gnoll shouts!
You slash the ball python!
You kill the ball python!
The gnoll hits you from afar with a +0 spear.
The gnoll barely misses you.
A gnoll comes into view. It is wielding a +3 flail of draining.
You block the gnoll's attack. The gnoll hits you with a +0 spear.
You see here a ball python corpse.
You hit the gnoll.
The gnoll is lightly wounded.
You barely miss the gnoll. The gnoll hits you with a +0 halberd.
You block the gnoll's attack.
You hit the gnoll but do no damage. Your headbutt misses the gnoll.
The gnoll is lightly wounded.
You hit the gnoll but do no damage. The gnoll closely misses you.
The gnoll hits you with a +0 spear.
You slash the gnoll!
You kill the gnoll!
You slash the gnoll! You block the gnoll's attack.
The gnoll hits you with a +3 flail of draining!
You die...

.####....# #.#
.........# ##.
#.......#### ##
#..........######
#........%.......
#..........######
##.......####
#........#
#@###....#
......gg....#.##
#.#####.....#.#
..........
##..#.##### ####
#..#.# ##...
#..#.# #.###....
#..# ........
##....


You could see 2 gnolls.

Vanquished Creatures
  A gnoll (D:2)
  An adder (D:2)
  A dart slug (D:1)
  3 bats (D:1)
  An endoplasm (D:2)
  4 goblins (D:1)
  2 hobgoblins (D:1)
  A kobold (D:1)
  2 quokkas
  5 ball pythons
  7 frilled lizards
  3 rats
31 creatures vanquished.

Notes
Turn   | Place    | Note
-------+----------+-------------------------------------------
     0 | D:1      | qw the Minotaur Fighter began the quest for the Orb.
     0 | D:1      | Reached XP level 1. HP: 19/19 MP: 0/0
     0 | D:1      | 0 ||| qw: Version: 0.1-a-112-g44dc6cd
     0 | D:1      | 0 ||| qw: Game counter: 6875
     0 | D:1      | 0 ||| qw: Always use a shield: true
     0 | D:1      | 0 ||| qw: God list: Ru
     0 | D:1      | 0 ||| qw: Allow faded altars: false
     0 | D:1      | 0 ||| qw: Do Orc after D:15 true
     0 | D:1      | 0 ||| qw: Do second Lair branch before Depths: true
     0 | D:1      | 0 ||| qw: Lair rune preference: random
     0 | D:1      | 0 ||| qw: Plans: Normal
     0 | D:1      | 0 ||| PLANNING D:1-11
   113 | D:1      | 113 ||| Stepping ~*~*~tactically~*~*~ (stealth).
   208 | D:1      | Reached skill level 3 in Axes
   338 | D:1      | Reached XP level 2. HP: 26/26 MP: 1/1
   664 | D:1      | Reached skill level 4 in Axes
   891 | D:1      | 891 ||| Stepping ~*~*~tactically~*~*~ (hiding).
  1076 | D:1      | 1076 ||| DROPPING +6 ring of intelligence.
  1077 | D:1      | 1077 ||| READING 2 scrolls labelled JOTTYH WOTHRUSM.
  1078 | D:1      | 1078 ||| READING scroll labelled WIAPHEAGHO.
  1079 | D:1      | 1079 ||| READING 2 scrolls labelled PENY KUDUE.
  1080 | D:1      | 1080 ||| READING scroll labelled UZXAESS EPREWU DUH.
  1081 | D:1      | 1081 ||| DROPPING scroll of amnesia.
  1175 | D:2      | Reached XP level 3. HP: 31/31 MP: 2/2
  1231 | D:2      | 1231 ||| Stepping ~*~*~tactically~*~*~ (hiding).
  1243 | D:2      | Slain by a gnoll

Levels and vault maps discovered:
D:1:      dpeg_arrival_subterranean_lakeside_camping, layout_loops_ring
D:2:      layout_loops_ring

Skill      XL: |  1  2 |
---------------+-------+-----
Axes           | 3 4 |  4.6
Fighting       | |  3.6
Armour         | |  3.6
Shields        | |  3.6

Action                   || total
-------------------------++-------
Melee: War axe           ||    71
       Headbutt          ||     3
  Use: Scroll            ||     4
Armor: Scale mail        ||    30
Dodge: Dodged            ||    37
Block: Buckler           ||    18

Table legend:
 A = Non-vault XP
 B = Vault XP
 C = Vault XP percentage of total XP
 D = Non-vault monster count
 E = Vault monster count
 F = Vault count percentage of total count
                 A         B        C        D         E       F
            +---------+---------+-------+---------+---------+-------
      Total |      61 |      10 |  14.1 |      25 |       6 |  19.4
            +---------+---------+-------+---------+---------+-------
        D:1 |      27 |      10 |  27.0 |      18 |       6 |  25.0
        D:2 |      34 |       0 |   0.0 |       7 |       0 |   0.0
            +---------+---------+-------+---------+---------+-------
